 Dungeon Crawl Stone Soup version 0.29.1-12-g30fa7ad0bf (webtiles) character file.

Game seed: 6460191013263077540

495 kingofthe the Magician (level 6, -2/32 HPs)
             Began as a Deep Elf Venom Mage on Jan 15, 2023.
             Splashed by a jelly's acid (7 damage)
             ... on level 4 of the Dungeon.
             The game lasted 00:20:33 (4783 turns).

kingofthe the Magician (Deep Elf Venom Mage)        Turns: 4783, Time: 00:20:33

Health: -2/32      AC: -2    Str:  5    XL:     6   Next: 92%
Magic:  14/16      EV: 18    Int: 26    God:
Gold:   187        SH:  0    Dex: 17    Spells: 9/15 levels left

rFire   . . .      SeeInvis .   a - +1 whip (flame)
rCold   . . .      Faith    .   (no shield)
rNeg    . . .      Spirit   .   r - +0 robe
rPois   .          Reflect  .   (no helmet)
rElec   .          Harm     .   (no cloak)
rCorr   .          Rampage  .   (no gloves)
Will    .....                   (no boots)
Stlth   +++.......              (no amulet)
HPRegen 0.10/turn               c - +6 ring of intelligence
MPRegen 0.15/turn               m - +4 ring of evasion

@: corroded
A: no striking features
a: no special abilities


You were on level 4 of the Dungeon.
You visited 1 branch of the dungeon, and saw 5 of its levels.

You collected 187 gold pieces.

Inventory:

Hand Weapons
 a - a +1 whip of flaming (weapon)
 l - a +2 spear of distortion
 t - a +0 dagger of speed
Armour
 r - a +0 robe (worn)
Magical Staves
 g - a staff of fire
 k - a staff of cold
Jewellery
 c - a +6 ring of intelligence (left hand)
 j - a ring of flight
 m - a +4 ring of evasion (right hand)
Scrolls
 d - 2 scrolls of vulnerability {unknown}
 h - 2 scrolls of immolation {unknown}
 i - a scroll of fog {unknown}
 o - a scroll of amnesia {unknown}
 q - a scroll of noise {unknown}
 s - a scroll of enchant weapon {unknown}
 u - 2 scrolls of poison {unknown}
 v - a scroll of identify {unknown}
 w - a scroll of torment {unknown}
 x - a scroll of summoning {unknown}
 y - a scroll of teleportation {unknown}
Potions
 b - a potion of magic
 e - a potion of mutation {unknown}
 f - 3 potions of curing
 n - 4 potions of haste {unknown}
 p - a potion of might {unknown}
 z - 2 potions of degeneration {unknown}
 A - a potion of attraction {unknown}


   Skills:
 + Level 5.1 Dodging
 - Level 3.5 Stealth
 + Level 5.4 Spellcasting
 + Level 2.9 Conjurations
 - Level 1.5 Transmutations
 + Level 2.4 Air Magic
 - Level 4.0 Poison Magic


You had 9 spell levels left.
You knew the following spells:

 Your Spells              Type           Power      Damage    Failure   Level
a - Sting                 Tmut/Pois      84%        1d7       2%          1
b - Poisonous Vapours     Pois/Air       46%        N/A       3%          2
c - Mephitic Cloud        Conj/Pois/Air  23%        N/A       6%          3

Your spell library contained the following spells:

 Spells                   Type           Power      Damage    Failure   Level
 Passwall                 Tmut/Erth      8%         N/A       9%          2
 Swiftness                Air            19%        N/A       9%          3
 Ensorcelled Hibernation  Hex/Ice        14%        N/A       11%         2
 Ignite Poison            Fire/Tmut/Pois 16%        N/A       11%         3
 Conjure Flame            Conj/Fire      14%        6-21      12%         3
 Olgreb's Toxic Radiance  Pois           28%        N/A       14%         4
 Portal Projectile        Hex/Tloc       14%        N/A       22%         3
 Tukima's Dance           Hex            7%         N/A       22%         3
 Sticky Flame             Conj/Fire      14%        2d4       38%         4
 Blade Hands              Tmut           7%         N/A       73%         5


Dungeon Overview and Level Annotations

Branches:
Dungeon (5/15)             Temple (0/1) D:5

Altars:
Vehumet
Yredelemnul

Shops:
D:3 [

Annotations:
D:4 exclusion: 2 downstairs


Message History

The jelly quivers.
The centaur hits you. The centaur misses you.
The jelly hits you but does no damage. The centaur closely misses you.
The centaur kicks you.
There is a stone staircase leading up, spattered with blood here.
The iguana hisses angrily.
The jelly hits you.
You are splashed with acid!
The orc wizard casts a spell.
The orc wizard flickers and vanishes!
Deactivating autopickup; reactivate with Ctrl-A.
The centaur hits you. The centaur misses you.
You climb upwards.
Level annotation: exclusion: 2 downstairs Reactivating autopickup.
There is a stone staircase leading down here.
The centaur misses you. The centaur closely misses you.
The centaur misses you. x2
The jelly attacks as you move away! The jelly hits you. The acid corrodes you!
You are splashed with acid!
* * * LOW HITPOINT WARNING * * *
The centaur wields a +0 shortbow.
The centaur shoots an arrow.
The arrow closely misses you.
Casting: Sting (safe; 2% risk of failure)
Confirm with . or Enter, or press ? or * to list all spells.
Aiming: Sting (safe; 2% risk of failure)
Press: ? - help, Shift-Dir - straight line, f - jelly
Aim: a jelly (100% to hit)
The sting hits the jelly.
The jelly partially resists.
The jelly is poisoned.
The jelly is lightly wounded.
The jelly closely misses you.
Casting: Sting (safe; 2% risk of failure)
Confirm with . or Enter, or press ? or * to list all spells.
Aiming: Sting (safe; 2% risk of failure)
Press: ? - help, Shift-Dir - straight line, f/p - jelly
Aim: a jelly (lightly wounded, poisoned, 100% to hit)
The sting hits the jelly.
The jelly partially resists.
The jelly is lightly wounded.
The jelly hits you.
* * * LOW HITPOINT WARNING * * *
You are splashed with acid!
You die...

.########.#.#######..# #
..........#.# #..# #
###########.#######..###
# #.#..........# #
#.#.#####..#.# #
###.#.#####..#.# #
#....#.......#.##########
#.#....####...#..........
#.#..>cJ@....#.##########
#.##...#######.######
#.###.#####.........# #.#
#..........####.# #.#
#######.#### #.# #.# #.#
#.# #.# #.# #.##### #.#
#.# #...... #.# #.#
######.


You could see a centaur and a jelly (poisoned).

Vanquished Creatures
  Grinder (D:4)
  A scorpion (D:4)
  A jelly (D:4)
  2 hounds (D:4)
  6 adders
  3 worms
  2 dart slugs
  5 orcs
  10 endoplasms
  3 giant cockroaches
  8 goblins
  8 hobgoblins (D:1)
  2 jackals (D:1)
  4 quokkas
  2 ball pythons
  6 bats
  4 frilled lizards
  4 kobolds
  8 rats
80 creatures vanquished.

Notes
Turn   | Place    | Note
-------+----------+-------------------------------------------
     0 | D:1      | kingofthe the Deep Elf Venom Mage began the quest for the
                  | Orb.
     0 | D:1      | Reached XP level 1. HP: 10/10 MP: 6/6
   269 | D:1      | Reached XP level 2. HP: 15/15 MP: 6/8
   548 | D:1      | Learned a level 2 spell: Poisonous Vapours
   758 | D:1      | Found a faded altar of an unknown god.
   764 | D:1      | Reached XP level 3. HP: 16/19 MP: 4/9
  1063 | D:1      | Learned a level 3 spell: Mephitic Cloud
  1882 | D:2      | Reached XP level 4. HP: 24/24 MP: 8/11
  2096 | D:2      | Reached skill level 1 in Air Magic
  2443 | D:2      | Found a basalt altar of Yredelemnul.
  2983 | D:3      | Reached XP level 5. HP: 28/28 MP: 2/13
  3118 | D:3      | Found Peej's Armour Boutique.
  3390 | D:4      | Found a radiant altar of Vehumet.
  3723 | D:4      | Noticed Grinder
  3951 | D:4      | Killed Grinder
  3952 | D:4      | Reached skill level 5 in Spellcasting
  3952 | D:4      | Reached XP level 6. HP: 22/32 MP: 2/15
  4225 | D:4      | Reached skill level 5 in Dodging
  4500 | D:5      | Entered Level 5 of the Dungeon
  4576 | D:5      | Found a staircase to the Ecumenical Temple.
  4783 | D:4      | Splashed by a jelly's acid

Illustrated notes

Levels and vault maps discovered:
D:1:      minmay_arrival_stair_chambers, layout_loops_ring,
          hellmonk_ecumenical_altar_slurped_away
D:2:      layout_rooms, basic_altar
D:3:      layout_rooms, serial_shops, nicolae_shop_waterfront
D:4:      cheibrodos_quashed, layout_loops_ring, overflow_temple_1_default,
          uniq_grinder
D:5:      layout_rooms, nicolae_tso_besieged_by_evil, temple_statues

Skill      XL: |  1  2  3  4  5  6 |
---------------+-------------------+-----
Stealth        | 3 |  3.5
Dodging        | 3 4 5 |  5.1
Air Magic      | 1 2 |  2.4
Spellcasting   | 4 5 |  5.4
Poison Magic   | 4 |  4.0
Conjurations   | 2 |  2.9
Transmutations | |  1.5

Action                   |  1- 3 |  4- 6 || total
-------------------------+-------+-------++-------
Melee: Short sword       |     7 |     4 ||    11
       Whip              |       |    10 ||    10
 Cast: Sting             |    66 |    84 ||   150
       Poisonous Vapours |    20 |    31 ||    51
  Use: Potion            |     1 |       ||     1
 Stab: Sleeping          |       |     2 ||     2
Armor: Robe              |     3 |     5 ||     8
Dodge: Dodged            |    23 |    46 ||    69
